 Dungeon Crawl Stone Soup version 0.21.0-30-g47ce8e4 (webtiles) character file.

427 tidbits the Ducker (level 6, 0/54 HPs)
             Began as a Gnoll Monk on Jan 28, 2018.
             Slain by Edmund
             ... wielding a +2 dire flail of venom
              (8 damage)
             ... on level 4 of the Dungeon.
             The game lasted 00:08:45 (998 turns).

tidbits the Ducker (Gnoll Monk)                      Turns: 998, Time: 00:08:46

Health: 0/54       AC:  3    Str: 13    XL:     6   Next: 97%
Magic:  8/8        EV: 17    Int: 14    God:
Gold:   114        SH:  0    Dex: 18    Spells: 9/9 levels left

rFire    + + .     SeeInvis .   n - +1 war axe
rCold    . . .     Gourm    .   (no shield)
rNeg     . . .     Faith    .   b - +0 robe
rPois    .         Spirit   .   (no helmet)
rElec    .         Reflect  .   (no cloak)
rCorr    .         Harm     .   (no gloves)
MR       .....                  (no boots)
Stlth    +++.......             (no amulet)
HPRegen  0.18/turn              m - ring of protection from fire
MPRegen  0.11/turn              (no ring)

@: lethally poisoned (0 -> -13)
A: distributed training, fangs 1, rugged brown scales 1, fire resistance 1, low
mp 1, strong nose
a: no special abilities


You were on level 4 of the Dungeon.
You were hungry.

You visited 1 branch of the dungeon, and saw 4 of its levels.

You collected 114 gold pieces.

Inventory:

Hand Weapons
 a - a +0 short sword
 i - a +0 scythe
 k - a +0 quarterstaff
 n - a +1 war axe (weapon)
Armour
 b - a +0 robe (worn)
 g - a +0 ring mail
Jewellery
 m - a ring of protection from fire (left hand)
   (You found it on level 4 of the Dungeon)
Scrolls
 d - 2 scrolls of identify
 h - 3 scrolls of remove curse
Comestibles
 c - 4 rations


   Skills:
 + Level 6.9 Fighting
 + Level 6.9 Short Blades
 + Level 2.1 Long Blades
 + Level 2.1 Axes
 + Level 2.1 Maces & Flails
 + Level 2.1 Polearms
 + Level 2.1 Staves
 + Level 2.1 Slings
 + Level 2.1 Bows
 + Level 2.1 Crossbows
 + Level 2.1 Throwing
 + Level 2.1 Armour
 + Level 6.9 Dodging
 + Level 4.7 Stealth
 + Level 2.1 Shields
 + Level 2.1 Unarmed Combat
 + Level 2.1 Spellcasting
 + Level 1.7 Conjurations
 + Level 1.7 Hexes
 + Level 1.7 Charms
 + Level 1.7 Summonings
 + Level 1.7 Necromancy
 + Level 1.7 Translocations
 + Level 1.7 Transmutations
 + Level 1.7 Fire Magic
 + Level 1.7 Ice Magic
 + Level 1.7 Air Magic
 + Level 1.7 Earth Magic
 + Level 1.7 Poison Magic
 + Level 2.3 Invocations
 + Level 2.1 Evocations


You had 9 spell levels left.
You didn't know any spells.

Dungeon Overview and Level Annotations

Branches:
Dungeon (4/15)
 Temple: D:4-7

Altars:

Shops:
D:4 (

Portals:
Ossuary: D:4

Annotations:
D:4 Edmund


Innate Abilities, Weirdness & Mutations

Your experience applies equally to all skills.
You have very sharp teeth.
Your uncanny sense of smell can sniff out nearby items.
You are partially covered in rugged brown scales. (AC +1, +3% HP)
Your flesh is heat resistant. (rF+)
Your magical capacity is low. (-10% MP)


Message History

* * * LOW HITPOINT WARNING * * *
The adder completely misses you.
As you read the scroll labeled OPPA CEDEOM, it crumbles to dust.
You assume a fearsome visage.
The frilled lizard looks frightened!
The orc looks frightened!
The adder looks frightened!
It was a scroll of fear.
You feel sick.
The orc wails, "Oh dear!
Oh dear!"
The orc prays for help.
You feel sick.
You are no longer poisoned.
You hear the brisk hiss of a very distant avalanche of sand.
You hit the adder.
Your attack snaps the adder out of its fear.
You bite the adder, but do no damage.
The adder is heavily wounded.
The adder closely misses you.
You closely miss the adder.
The adder is heavily wounded.
The adder bites you but does no damage. The adder completely misses you.
You hit the adder but do no damage.
The adder is heavily wounded.
You are feeling hungry.
The adder closely misses you. The adder misses you.
You closely miss the adder. You punch the adder, but do no damage.
The adder is heavily wounded.
The adder closely misses you. The adder barely misses you.
You slash the adder!
You kill the adder!
You closely miss the orc.
Your attack snaps the orc out of its fear.
Your bite misses the orc. The orc misses you. The frilled lizard misses you.
The orc hits you but does no damage.
You hit the frilled lizard.
You bite the frilled lizard, but do no damage.
The frilled lizard is heavily wounded.
You closely miss the orc. The frilled lizard bites you.
* * * LOW HITPOINT WARNING * * *
The orc barely misses you.
You barely miss the orc. You hit the frilled lizard.
You kill the frilled lizard!
The orc hits you with a dagger.
* * * LOW HITPOINT WARNING * * *
The orc hits you with a dagger.
* * * LOW HITPOINT WARNING * * *
You barely miss the orc. The orc barely misses you.
You hit the orc but do no damage. The orc hits you with a dagger.
* * * LOW HITPOINT WARNING * * *
You slash the orc!
You kill the orc!
Things that are here:
a dagger; a chain mail You see here a scroll labeled FIR KASKEOR.
e - a scroll labeled FIR KASKEOR You see here 8 gold pieces.
You now have 114 gold pieces (gained 8).
You open the door.
There is an open door here.
You hear the brisk hiss of a very distant avalanche of sand.
The orc shouts!
The orc throws a tomahawk.
The tomahawk barely misses you.
Edmund the Younger comes into view.
He is wielding a dire flail of venom.
You barely miss the orc.
Edmund shouts!
The orc hits you.
* * * LOW HITPOINT WARNING * * *
The orc closely misses you.
You aren't carrying any potions.
Unknown command.
Unknown command.
As you read the scroll labeled FIR KASKEOR, it crumbles to dust.
The creatures around you are filled with an inner flame!
It was a scroll of immolation.
The orc misses you.
You barely miss the orc. The orc barely misses you. The orc misses you.
You hit the orc but do no damage. The orc closely misses you.
The orc barely misses you.
Edmund hits you with a dire flail of venom.
* * * LOW HITPOINT WARNING * * *
You are poisoned.
The orc hits you but does no damage.
You barely miss Edmund. You hit the orc.
You feel sick. The orc closely misses you. x2
Edmund hits you with a dire flail of venom.
* * * LOW HITPOINT WARNING * * *
You are lethally poisoned!
The orc barely misses you.
You barely miss the orc.
The orc is moderately wounded.
You hit Edmund.
* * * LOW HITPOINT WARNING * * *
You feel sick. The orc closely misses you. Edmund barely misses you.
The orc misses you.
You hit the orc. You bite the orc, but do no damage.
The orc is severely wounded.
You hit Edmund but do no damage.
* * * LOW HITPOINT WARNING * * *
You feel sick. The orc hits you.
* * * LOW HITPOINT WARNING * * *
Edmund says, "People accused me of being a cutpurse!"
Edmund hits you with a dire flail of venom!
You die...

#.......# #.......# #.......#
#.......# ##### ####.......#
..... ..>........# ## # #.......#
.. ##### #....@..####.##.#### ##
....#######[..oo@.#....# ...###.
###........>........########.##..
########................aoo...∩
######.(..###########...
###......##.# #..$ #...#######.#
#### #####.### #.# # ####.....#
#.. . #....##### ### .


You could see Edmund (inner flame) and 2 orcs.

Vanquished Creatures
  Sigmund (D:4)
  A hound (D:4)
  A bullfrog skeleton (D:4)
  Jessica (D:3)
  An iguana (D:4)
  2 worker ants (D:4)
  A gnoll (D:3)
  3 adders (D:4)
  An ooze (D:1)
  2 worms (D:2)
  2 dart slugs
  7 orcs
  A ball python (D:1)
  2 giant cockroaches
  6 goblins
  A hobgoblin (D:3)
  3 jackals (D:1)
  8 bats
  7 frilled lizards
  3 kobolds
  9 rats
63 creatures vanquished.

Notes
Turn   | Place    | Note
-------+----------+-------------------------------------------
     0 | D:1      | tidbits the Gnoll Monk began the quest for the Orb.
     0 | D:1      | Reached XP level 1. HP: 23/23 MP: 1/1
    63 | D:1      | Reached XP level 2. HP: 25/29 MP: 2/2
   231 | D:1      | Reached XP level 3. HP: 25/35 MP: 3/3
   459 | D:2      | Reached skill level 1 in Invocations
   506 | D:3      | Noticed Jessica
   514 | D:3      | Killed Jessica
   514 | D:3      | Reached skill level 1 in Long Blades
   514 | D:3      | Reached skill level 1 in Axes
   514 | D:3      | Reached skill level 1 in Maces & Flails
   514 | D:3      | Reached skill level 1 in Polearms
   514 | D:3      | Reached skill level 1 in Staves
   514 | D:3      | Reached skill level 1 in Slings
   514 | D:3      | Reached skill level 1 in Bows
   514 | D:3      | Reached skill level 1 in Crossbows
   514 | D:3      | Reached skill level 1 in Throwing
   514 | D:3      | Reached skill level 1 in Armour
   514 | D:3      | Reached skill level 1 in Shields
   514 | D:3      | Reached skill level 1 in Unarmed Combat
   514 | D:3      | Reached skill level 1 in Spellcasting
   514 | D:3      | Reached skill level 1 in Evocations
   514 | D:3      | Reached XP level 4. HP: 32/41 MP: 5/5
   584 | D:4      | Found a sand-covered staircase.
   613 | D:3      | Gained mutation: Your flesh is heat resistant. (rF+) [potion of mutation]
   613 | D:3      | Gained mutation: Your magical capacity is low. (-10% MP) [potion of mutation]
   613 | D:3      | Gained mutation: You are partially covered in rugged brown scales. (AC +1, +3% HP) [potion of mutation]
   626 | D:3      | Reached skill level 1 in Conjurations
   626 | D:3      | Reached skill level 1 in Hexes
   626 | D:3      | Reached skill level 1 in Charms
   626 | D:3      | Reached skill level 1 in Summonings
   626 | D:3      | Reached skill level 1 in Necromancy
   626 | D:3      | Reached skill level 1 in Translocations
   626 | D:3      | Reached skill level 1 in Transmutations
   626 | D:3      | Reached skill level 1 in Fire Magic
   626 | D:3      | Reached skill level 1 in Ice Magic
   626 | D:3      | Reached skill level 1 in Air Magic
   626 | D:3      | Reached skill level 1 in Earth Magic
   626 | D:3      | Reached skill level 1 in Poison Magic
   662 | D:4      | Reached XP level 5. HP: 32/48 MP: 6/6
   692 | D:4      | Noticed Sigmund
   736 | D:4      | Killed Sigmund
   736 | D:4      | Reached skill level 2 in Invocations
   736 | D:4      | Reached XP level 6. HP: 20/54 MP: 6/7
   794 | D:4      | Found Soniunka's Antique Weapon Shop.
   809 | D:4      | Reached skill level 2 in Long Blades
   809 | D:4      | Reached skill level 2 in Axes
   809 | D:4      | Reached skill level 2 in Maces & Flails
   809 | D:4      | Reached skill level 2 in Polearms
   809 | D:4      | Reached skill level 2 in Staves
   809 | D:4      | Reached skill level 2 in Slings
   809 | D:4      | Reached skill level 2 in Bows
   809 | D:4      | Reached skill level 2 in Crossbows
   809 | D:4      | Reached skill level 2 in Throwing
   809 | D:4      | Reached skill level 2 in Armour
   809 | D:4      | Reached skill level 2 in Shields
   809 | D:4      | Reached skill level 2 in Unarmed Combat
   809 | D:4      | Reached skill level 2 in Spellcasting
   809 | D:4      | Reached skill level 2 in Evocations
   991 | D:4      | Noticed Edmund
   998 | D:4      | Slain by Edmund

Skill      XL: |  1  2  3  4  5  6 |
---------------+-------------------+-----
Invocations    | 1 2 |  2.3
Long Blades    | 1 2 |  2.1
Axes           | 1 2 |  2.1
Maces & Flails | 1 2 |  2.1
Polearms       | 1 2 |  2.1
Staves         | 1 2 |  2.1
Slings         | 1 2 |  2.1
Bows           | 1 2 |  2.1
Crossbows      | 1 2 |  2.1
Throwing       | 1 2 |  2.1
Armour         | 1 2 |  2.1
Shields        | 1 2 |  2.1
Unarmed Combat | 1 2 |  2.1
Spellcasting   | 1 2 |  2.1
Evocations     | 1 2 |  2.1
Conjurations   | 1 |  1.7
Hexes          | 1 |  1.7
Charms         | 1 |  1.7
Summonings     | 1 |  1.7
Necromancy     | 1 |  1.7
Translocations | 1 |  1.7
Transmutations | 1 |  1.7
Fire Magic     | 1 |  1.7
Ice Magic      | 1 |  1.7
Air Magic      | 1 |  1.7
Earth Magic    | 1 |  1.7
Poison Magic   | 1 |  1.7
Fighting       | |  6.9
Short Blades   | |  6.9
Dodging        | |  6.9
Stealth        | |  4.7

Action                   |  1- 3 |  4- 6 || total
-------------------------+-------+-------++-------
Melee: Short sword       |   134 |   130 ||   264
       Bite              |    17 |    19 ||    36
       Punch             |       |     2 ||     2
       War axe           |       |    25 ||    25
  Use: Potion            |     1 |     7 ||     8
       Scroll            |       |     8 ||     8
 Stab: Sleeping          |     4 |     5 ||     9
Armor: Robe              |    16 |    14 ||    30
Dodge: Dodged            |    80 |   114 ||   194

Table legend:
 A = Turns spent in this place as a percentage of turns spent in the entire game.
 B = Non-inter-level travel turns spent in this place as a percentage of non-inter-level travel turns spent in the entire game.
 C = Inter-level travel turns spent in this place as a percentage of turns spent in this place.
 D = Turns resting spent in this place as a percentage of non-inter-level travel turns spent in this place.
 E = Turns spent auto-exploring this place as a percentage of non-inter-level travel turns spent in this place.
 F = Non-inter-level travel turns spent in this place divided by the number of levels of this place that you've seen.
                   A       B       C       D       E      F
               +-------+-------+-------+-------+-------+----------------------
         Total | 100.0 | 100.0 |   0.0 |   0.0 |   0.0 | 249.5
       Dungeon | 100.0 | 100.0 |   0.0 |   0.0 |   0.0 | 249.5
               +-------+-------+-------+-------+-------+----------------------

Table legend:
 A = Kills in this place as a percentage of kills in entire the game.
 B = Kills by you in this place as a percentage of kills by you in the entire game.
 C = Kills by friends in this place as a percentage of kills by friends in the entire game.
 D = Other kills in this place as a percentage of other kills in the entire game.
 E = Experience gained in this place as a percentage of experience gained in the entire game.
 F = Experience gained in this place divided by the number of levels of this place that you have seen.
                   A       B       C       D       E      F
               +-------+-------+-------+-------+-------+----------------------
         Total | 100.0 | 100.0 |   N/A |   N/A | 100.0 | 152.5
       Dungeon | 100.0 | 100.0 |   N/A |   N/A | 100.0 | 152.5
               +-------+-------+-------+-------+-------+----------------------

Vault maps used:
D:1:      lemuel_arrival_room
D:2:      first_ration
D:3:      nicolae_ru_the_path_less_chosen, uniq_jessica, uniq_natasha
D:4:      serial_shops, nicolae_shop_waterfront, enter_ossuary_3,
          kennysheep_generic_room_16, uniq_sigmund, uniq_edmund
